 Dungeon Crawl Stone Soup version 0.21.0-25-ge575cb9 (webtiles) character file.

184 troglodite the Charmwright (level 5, -2/38 HPs)
             Began as a Gnoll Skald on Jan 24, 2018.
             Was an Initiate of Hepliaklqana.
             Slain by Menkaure (19 damage)
             ... on level 4 of the Dungeon.
             The game lasted 00:08:20 (2907 turns).

troglodite the Charmwright (Gnoll Skald)            Turns: 2907, Time: 00:08:21

Health: -2/38      AC:  4    Str: 18    XL:     5   Next: 64%
Magic:  6/12       EV: 16    Int: 15    God:    Hepliaklqana [......]
Gold:   171        SH:  0    Dex: 12    Spells: 7/14 levels left

rFire    . . .     SeeInvis .   a - +0 falchion
rCold    . . .     Gourm    .   (no shield)
rNeg     . . .     Faith    .   q - +2 robe "Moann" {Str+3 Dex-2 Stlth+}
rPois    .         Spirit   .   (no helmet)
rElec    .         Reflect  .   (no cloak)
rCorr    .         Harm     .   (no gloves)
MR       .....                  (no boots)
Stlth    +++.......             k - amulet of regeneration
HPRegen  0.52/turn              f - +2 ring of evasion
MPRegen  0.13/turn              (no ring)

@: no status effects
A: distributed training, reduced essence, fangs 1, strong nose
a: Recall Ancestor, Ancestor Identity, Renounce Religion


You were on level 4 of the Dungeon.
You worshipped Hepliaklqana.
Hepliaklqana was noncommittal.
You were near starving.

You visited 2 branches of the dungeon, and saw 5 of its levels.

You collected 171 gold pieces.

Inventory:

Hand Weapons
 a - a +0 falchion (weapon)
Armour
 m - a +0 ring mail
 q - the +2 robe "Moann" (worn) {Str+3 Dex-2 Stlth+}
   (You found it on level 4 of the Dungeon)

   It affects your strength (+3).
   It affects your dexterity (-2).
   It makes you more stealthy.
Jewellery
 f - a +2 ring of evasion (left hand)
 k - an amulet of regeneration (around neck)
 l - an uncursed amulet of guardian spirit
Scrolls
 g - 2 scrolls of remove curse {unknown}
 i - 2 scrolls of teleportation {unknown}
 j - 4 scrolls of identify {unknown}
 o - 3 scrolls of enchant weapon {unknown}
Potions
 b - a potion of lignification {unknown}
 e - 3 potions of degeneration {unknown}
 h - a potion of ambrosia {unknown}
 n - a potion of heal wounds {unknown}
 p - 2 potions of curing {unknown}
Books
 c - a book of Battle

   Spells                             Type                      Level
   a - Infusion                       Charms                       1
   b - Shroud of Golubria             Charms/Translocation         2
   c - Song of Slaying                Charms                       2
   d - Spectral Weapon                Hexes/Charms                 3
   e - Regeneration                   Charms/Necromancy            3
Comestibles
 d - 6 rations


   Skills:
 + Level 4.8 Fighting
 + Level 1.5 Short Blades
 + Level 4.8 Long Blades
 + Level 1.5 Axes
 + Level 1.5 Maces & Flails
 + Level 1.5 Polearms
 + Level 1.5 Staves
 + Level 1.5 Slings
 + Level 1.5 Bows
 + Level 1.5 Crossbows
 + Level 1.5 Throwing
 + Level 3.0 Armour
 + Level 4.8 Dodging
 + Level 1.5 Stealth
 + Level 1.5 Shields
 + Level 1.5 Unarmed Combat
 + Level 5.2 Spellcasting
 + Level 1.2 Conjurations
 + Level 1.2 Hexes
 + Level 5.5 Charms
 + Level 1.2 Summonings
 + Level 1.2 Necromancy
 + Level 1.2 Translocations
 + Level 1.2 Transmutations
 + Level 1.2 Fire Magic
 + Level 1.2 Ice Magic
 + Level 1.2 Air Magic
 + Level 1.2 Earth Magic
 + Level 1.2 Poison Magic
 + Level 1.7 Invocations
 + Level 1.5 Evocations


You had 7 spell levels left.
You knew the following spells:

 Your Spells              Type           Power        Failure   Level  Hunger
a - Infusion              Chrm           ###.         1%          1    None
b - Spectral Weapon       Hex/Chrm       ##......     12%         3    ###....
c - Regeneration          Chrm/Necr      ##........   12%         3    ###....


Dungeon Overview and Level Annotations

Branches:
Dungeon (4/15)             Temple (1/1) D:4

Altars:
Ashenzari
Cheibriados
Dithmenos
Elyvilon
Fedhas
Gozag
Hepliaklqana
Makhleb
Nemelex Xobeh
Ru
Sif Muna
Uskayaw
Vehumet
Wu Jian
Xom
Yredelemnul

Annotations:
D:4 Menkaure


Innate Abilities, Weirdness & Mutations

Your experience applies equally to all skills.
You have very sharp teeth.
Your uncanny sense of smell can sniff out nearby items.
Your life essence is reduced to manifest your ancestor. (-10% HP)


Message History

The orc is heavily wounded.
You hit the orc.
The orc is severely wounded.
The orc hits you but does no damage.
Casting: Spectral Weapon
Confirm with . or Enter, or press ? or * to list all spells.
You see a puff of smoke.
Nothing appears to happen.
The orc hits you with a dagger.
Casting: Spectral Weapon
Confirm with . or Enter, or press ? or * to list all spells.
You draw out your weapon's spirit!
The orc closely misses you.
You hit the orc but do no damage. You bite the orc.
You kill the orc!
Menkaure points at you and mumbles some strange words.
Pain shoots through your body! Menkaure completely misses you.
You riposte.
You hit Menkaure.
Menkaure is lightly damaged.
Menkaure hits you!!
Ouch! That really hurt!
You die...

..#...).#...#...#..
####....####'####
######...##.#...#)#
..........#..'...)..
########^.##.#...#)#
..#>.........####'####
#####.#...######...#...#.. #.
...#.#.^(# ###.##.##.#
#.###.#.#..@##### #..###..#
#..........M....# ###.....##
#...............# #.........
............#### #.######..
...#......# #.# #..
#.#####.#......# ###.### #..
#..............# ####### #..
##########.##.....#####⌠.⌠#####..
......................'.>.#......


You could see Menkaure and a friendly spectral falchion.

Vanquished Creatures
  A crimson imp (D:4)
  A hound (D:4)
  5 adders
  A dart slug (D:1)
  A leopard gecko (D:2)
  6 orcs (D:4)
  5 bats
  2 giant cockroaches
  16 hobgoblins
  2 jackals (D:2)
  4 kobolds
  2 ball pythons
  4 frilled lizards
  12 goblins
  6 rats
68 creatures vanquished.

Vanquished Creatures (collateral kills)
  A giant cockroach (D:4)
1 creature vanquished.

Vanquished Creatures (others)
  An ancestor (D:4)
1 creature vanquished.

Grand Total: 70 creatures vanquished

Notes
Turn   | Place    | Note
-------+----------+-------------------------------------------
     0 | D:1      | troglodite the Gnoll Skald began the quest for the Orb.
     0 | D:1      | Reached XP level 1. HP: 20/20 MP: 6/6
   261 | D:1      | Reached XP level 2. HP: 26/26 MP: 7/7
   738 | D:1      | Reached XP level 3. HP: 31/31 MP: 0/9
   743 | D:1      | Learned a level 3 spell: Spectral Weapon
   747 | D:1      | Learned a level 3 spell: Regeneration
  1082 | D:1      | You fall through a shaft!
  1103 | D:2      | Reached skill level 5 in Spellcasting
  1225 | D:2      | Reached skill level 1 in Invocations
  1255 | D:2      | Found a basalt altar of Yredelemnul.
  1327 | D:2      | Found a blossoming altar of Fedhas.
  1400 | D:2      | Reached skill level 1 in Short Blades
  1400 | D:2      | Reached skill level 1 in Axes
  1400 | D:2      | Reached skill level 1 in Maces & Flails
  1400 | D:2      | Reached skill level 1 in Polearms
  1400 | D:2      | Reached skill level 1 in Staves
  1400 | D:2      | Reached skill level 1 in Slings
  1400 | D:2      | Reached skill level 1 in Bows
  1400 | D:2      | Reached skill level 1 in Crossbows
  1400 | D:2      | Reached skill level 1 in Throwing
  1400 | D:2      | Reached skill level 1 in Stealth
  1400 | D:2      | Reached skill level 1 in Shields
  1400 | D:2      | Reached skill level 1 in Unarmed Combat
  1400 | D:2      | Reached skill level 1 in Evocations
  1422 | D:2      | Reached XP level 4. HP: 37/38 MP: 9/11
  1996 | D:2      | Found a deep blue altar of Sif Muna.
  2015 | D:3      | Found a sparkling altar of Nemelex Xobeh.
  2031 | D:3      | Found a shadowy altar of Dithmenos.
  2055 | D:3      | You fall through a shaft!
  2068 | D:4      | Found a radiant altar of Vehumet.
  2068 | D:4      | Found a burning altar of Makhleb.
  2086 | D:4      | Reached skill level 1 in Conjurations
  2086 | D:4      | Reached skill level 1 in Hexes
  2086 | D:4      | Reached skill level 1 in Summonings
  2086 | D:4      | Reached skill level 1 in Necromancy
  2086 | D:4      | Reached skill level 1 in Translocations
  2086 | D:4      | Reached skill level 1 in Transmutations
  2086 | D:4      | Reached skill level 1 in Fire Magic
  2086 | D:4      | Reached skill level 1 in Ice Magic
  2086 | D:4      | Reached skill level 1 in Air Magic
  2086 | D:4      | Reached skill level 1 in Earth Magic
  2086 | D:4      | Reached skill level 1 in Poison Magic
  2086 | D:4      | Reached XP level 5. HP: 41/43 MP: 12/12
  2098 | D:4      | Got a faintly glowing robe
  2109 | D:4      | Identified the +2 robe "Moann" {Str+3 Dex-2 Stlth+} (You found it on level 4 of the Dungeon)
  2385 | D:4      | Found a staircase to the Ecumenical Temple.
  2484 | Temple   | Entered the Ecumenical Temple
  2729 | Temple   | Became a worshipper of Hepliaklqana the Forgotten
  2856 | D:4      | Noticed Menkaure
  2907 | D:4      | Slain by Menkaure

Skill      XL: |  1  2  3  4  5 |
---------------+----------------+-----
Spellcasting   | 5 |  5.2
Invocations    | 1 |  1.7
Short Blades   | 1 |  1.5
Axes           | 1 |  1.5
Maces & Flails | 1 |  1.5
Polearms       | 1 |  1.5
Staves         | 1 |  1.5
Slings         | 1 |  1.5
Bows           | 1 |  1.5
Crossbows      | 1 |  1.5
Throwing       | 1 |  1.5
Stealth        | 1 |  1.5
Shields        | 1 |  1.5
Unarmed Combat | 1 |  1.5
Evocations     | 1 |  1.5
Conjurations   | 1 |  1.2
Hexes          | 1 |  1.2
Summonings     | 1 |  1.2
Necromancy     | 1 |  1.2
Translocations | 1 |  1.2
Transmutations | 1 |  1.2
Fire Magic     | 1 |  1.2
Ice Magic      | 1 |  1.2
Air Magic      | 1 |  1.2
Earth Magic    | 1 |  1.2
Poison Magic   | 1 |  1.2
Armour         | 3 |  3.0
Fighting       | |  4.8
Long Blades    | |  4.8
Dodging        | |  4.8
Charms         | |  5.5

Action                   |  1- 3 |  4- 6 || total
-------------------------+-------+-------++-------
Melee: Falchion          |    92 |    79 ||   171
       Bite              |     8 |    10 ||    18
       Punch             |     1 |       ||     1
 Cast: Spectral Weapon   |       |     4 ||     4
 Stab: Sleeping          |     1 |     1 ||     2
  Eat: Chunk             |     2 |     3 ||     5
Armor: Leather armour    |     9 |       ||     9
       Ring mail         |    10 |    11 ||    21
       Robe              |       |     7 ||     7
Dodge: Dodged            |    81 |    82 ||   163
       Rpst.: Falchion   |    26 |    30 ||    56
